 Dungeon Crawl Stone Soup version 0.20.1-1-g8b1a95d (webtiles) character file.

49 polve the Chopper (level 3, 0/27 HPs)
             Began as a Demonspawn Gladiator on July 18, 2017.
             Succumbed to an adder's poison
             ... on level 2 of the Dungeon.
             The game lasted 00:01:30 (1916 turns).

polve the Chopper (Demonspawn Gladiator)            Turns: 1916, Time: 00:01:31

Health: 0/27       AC:  4    Str: 14    XL:     3   Next: 53%
Magic:  3/3        EV: 12    Int:  9    God:
Gold:   86         SH:  0    Dex: 15    Spells: 2/2 levels left

rFire    . . .     SeeInvis .     - Unarmed
rCold    . . .     Gourm    .   (no shield)
rNeg     . . .     Faith    .   b - +0 leather armour
rPois    .         Spirit   .   (helmet restricted)
rElec    .         Reflect  .   (no cloak)
rCorr    .         Harm     .   i - +0 pair of gloves
MR       .....                  (no boots)
Stlth    +.........             (no amulet)
Regen    0.1/turn               (no ring)
MPRegen  0.1/turn               (no ring)

@: lethally poisoned (0 -> -11)
A: horns 1
a: no special abilities


You were on level 2 of the Dungeon.
You were not hungry.

You visited 1 branch of the dungeon, and saw 2 of its levels.

You collected 86 gold pieces.

Inventory:

Missiles
 d - 3 throwing nets (quivered)
Armour
 b - a +0 leather armour (worn)
 i - a +0 pair of gloves (worn)
Scrolls
 a - 2 scrolls of identify {unknown}
 c - a scroll of enchant weapon {unknown}
 e - a scroll of recharging {unknown}
 g - a scroll of random uselessness {unknown}
 j - a scroll of teleportation {unknown}
 n - a scroll of immolation {unknown}
Potions
 o - a potion of might {unknown}
Comestibles
 f - 2 bread rations
 k - a meat ration
 m - 3 fruits
 p - 4 chunks of flesh


   Skills:
 - Level 2.0 Fighting
   Level 3.2 Axes
 - Level 1.7 Throwing
 - Level 2.6 Dodging
 + Level 2.2 Unarmed Combat


You had 2 spell levels left.
You didn't know any spells.

Dungeon Overview and Level Annotations

Branches:
Dungeon (2/15)

Altars:
Gozag


Innate Abilities, Weirdness & Mutations

You have a pair of small horns on your head.


Message History

The adder is severely wounded.
* * * LOW HITPOINT WARNING * * *
You feel sick. The adder barely misses you.
You barely miss the adder. Your headbutt misses the adder.
The adder is severely wounded.
* * * LOW HITPOINT WARNING * * *
You feel sick. The adder bites you.
* * * LOW HITPOINT WARNING * * *
You hit the adder but do no damage.
The adder is severely wounded.
The adder bites you but does no damage. The adder bites you.
* * * LOW HITPOINT WARNING * * *
It was a potion of cancellation.
You feel magically purged.
* * * LOW HITPOINT WARNING * * *
You feel sick. The adder bites you.
* * * LOW HITPOINT WARNING * * *
You are more poisoned.
The adder poisons you!
It was a potion of magic.
Magic courses through your body.
You die...

#.....##.##.# ...# #
#.....##.##.# ...# #####
#.....##<...# ... .....
#.....##.##.# ###.### ####
......##.#..###.....## #
>............#.8...8.# #
.......#.#...#.......#.# #
..####.#.#......†_.....#.# #
...###.#.##.##..@....#...########
.............#.8S..8.# ........>.
#....#.#.##.###.....####.#.....#.
#............ ###.###....#.....#.
............. ...........#...).#.
#....#.#.##. #..#..#.#..#.##....
.....#....<.. #..#...............
......................#.##.##...(
#..#..........#..#.#........#....


You could see an adder.

Vanquished Creatures
  An adder (D:2)
  3 leopard geckos
  2 giant cockroaches
  3 hobgoblins (D:1)
  2 jackals (D:1)
  A ball python (D:2)
  8 bats
  4 frilled lizards (D:1)
  6 goblins (D:1)
  4 kobolds (D:1)
  3 rats (D:1)
37 creatures vanquished.

Notes
Turn   | Place    | Note
-------+----------+-------------------------------------------
     0 | D:1      | polve the Demonspawn Gladiator began the quest for the Orb.
     0 | D:1      | Reached XP level 1. HP: 16/16 MP: 1/1
   168 | D:1      | Reached skill level 3 in Axes
   407 | D:1      | Gained mutation: You have a pair of small horns on your head. [demonic ancestry]
   407 | D:1      | Reached XP level 2. HP: 22/22 MP: 2/2
   636 | D:1      | Reached skill level 1 in Unarmed Combat
  1174 | D:1      | Reached XP level 3. HP: 27/27 MP: 3/3
  1883 | D:2      | Found an opulent altar of Gozag.
  1915 | D:2      | HP: 1/27 [adder (1)]
  1916 | D:2      | Succumbed to an adder's poison

Skill      XL: |  1  2  3 |
---------------+----------+-----
Axes           | 3 |  3.2
Unarmed Combat | 1 2 |  2.2
Fighting       | |  2.0
Throwing       | |  1.7
Dodging        | |  2.6

Action                   || total
-------------------------++-------
Melee: War axe           ||    30
       Unarmed           ||   120
       Headbutt          ||    18
  Use: Potion            ||     2
  Eat: Chunk             ||     3
Armor: Leather armour    ||    41
Dodge: Dodged            ||   107
